 Dungeon Crawl Stone Soup version 0.24.0-5-g267a8d59f4 (webtiles) character file.

Game seed: 16138376016568641886, levelgen mode: deterministic

2989125 MeekVeins the Slayer (level 26, 241/279 HPs)
             Began as a Deep Dwarf Necromancer on Nov 1, 2019.
             Was the Champion of Makhleb.
             Escaped with the Orb
             ... and 4 runes!
             The game lasted 03:00:58 (47358 turns).

MeekVeins the Slayer (Deep Dwarf Necromancer)      Turns: 47358, Time: 03:00:58

Health: 241/279    AC: 48    Str: 40    XL:     26   Next: 36%
Magic:  28/28      EV: 15    Int: 13    God:    Makhleb [******]
Gold:   2275       SH: 16    Dex: 14    Spells: 26/31 levels left

rFire    + . .     SeeInvis +   a - +9 broad axe (elec)
rCold    + + .     Gourm    .   K - +0 shield {reflect} {Donald}
rNeg     + . .     Faith    .   J - +7 gold dragon scales
rPois    +         Spirit   .   L - +2 helmet {SInv}
rElec    +         Reflect  +   p - +2 cloak
rCorr    .         Harm     .   f - +2 pair of gloves
MR       +++..     NoTele   +   W - +2 pair of boots {run}
Stlth    ..........             E - amulet of the Several Cities {rElec rPois Regen+ Str+10 Int-2}
HPRegen  0.00/turn              c - ring of Pyah {-Tele rC+ Str+6 Dex+2 Slay+3}
MPRegen  0.21/turn              y - +5 ring of slaying

@: non-regenerating, quick
A: damage resistance, heal wounds, talons 1, blink, clumsy 1, low mp 1, negative
energy resistance 1, sense surroundings 3, teleportitis 2, no regeneration
0: Orb of Zot
}: 4/15 runes: serpentine, barnacled, slimy, abyssal
a: Heal Wounds, Blink, Minor Destruction, Lesser Servant of Makhleb, Major
Destruction, Greater Servant of Makhleb, Renounce Religion


You escaped.
You worshipped Makhleb.
Makhleb was exalted by your worship.
You were full.

You visited 10 branches of the dungeon, and saw 51 of its levels.
You visited the Abyss 2 times.
You visited 1 bazaar.
You also visited: Sewer and Ice Cave.

You collected 5491 gold pieces.
You spent 3216 gold pieces at shops.

Inventory:

Hand Weapons
 a - a +9 broad axe of electrocution (weapon)
Missiles
 X - 24 curare-tipped darts
 Z - 5 throwing nets (quivered)
Armour
 f - a +2 pair of gloves (worn)
 p - a +2 cloak (worn)
 J - +7 gold dragon scales (worn)
 K - a +0 shield of reflection (worn) {Donald}
 L - a +2 helmet of see invisible (worn)
 W - a +2 pair of boots of running (worn)
Jewellery
 c - the ring of Pyah (left hand) {-Tele rC+ Str+6 Dex+2 Slay+3}
   (You bought it in a shop in a bazaar)

   [ring of protection from cold]

   It affects your strength (+6).
   It affects your dexterity (+2).
   It affects your accuracy and damage with ranged weapons and melee attacks
   (+3).
   It protects you from cold.
   It prevents most forms of teleportation.
 m - an uncursed ring of protection from magic
 y - a +5 ring of slaying (right hand)
 E - the amulet of the Several Cities (around neck) {rElec rPois Regen+ Str+10 Int-2}
   (You bought it in a shop in a bazaar)

   [amulet of regeneration]

   It affects your strength (+10).
   It affects your intelligence (-2).
   It insulates you from electricity.
   It protects you from poison.
   It increases your rate of regeneration.
Wands
 s - a wand of scattershot (1)
 A - a wand of acid (12)
 G - a wand of disintegration (17)
 I - a wand of iceblast (20)
 O - a wand of clouds (10)
 P - a wand of paralysis (37)
 V - a wand of flame (81)
Scrolls
 e - 3 scrolls of immolation
 g - a scroll of enchant weapon
 h - 2 scrolls of magic mapping
 k - 2 scrolls of vulnerability
 l - 2 scrolls of holy word
 o - 28 scrolls of remove curse
 w - 10 scrolls of fear
 x - 7 scrolls of fog
 B - 8 scrolls of blinking
 F - a scroll of silence
 R - 11 scrolls of identify
 T - 17 scrolls of teleportation
Potions
 i - 2 potions of magic
 j - 2 potions of invisibility
 q - 11 potions of flight
 r - 5 potions of berserk rage
 u - 10 potions of heal wounds
 D - 4 potions of might
 H - 5 potions of haste
 M - a potion of brilliance
 N - 4 potions of resistance
 Q - 15 potions of curing
 S - 4 potions of agility
 U - 4 potions of mutation
Miscellaneous
 d - a lightning rod (4/4)
 t - 4 phantom mirrors
 Y - a lamp of fire
Comestibles
 z - 68 rations


   Skills:
 + Level 24.7 Fighting
 - Level 18.0 Axes
 - Level 24.0 Armour
 - Level 12.0 Dodging
 - Level 3.1 Stealth
 - Level 15.0 Shields
 - Level 3.0 Spellcasting
 - Level 7.2 Necromancy
 - Level 18.0 Invocations
 - Level 16.0 Evocations


You had 26 spell levels left.
You knew the following spells:

 Your Spells              Type           Power        Failure   Level  Hunger
a - Pain                  Necr           ###.         4%          1    #......
x - Vampiric Draining     Necr           ###.......   16%         3    ###....
z - Animate Skeleton      Necr           N/A          4%          1    #......

Your spell library contained the following spells:

 Spells                   Type           Power        Failure   Level  Hunger
 Corpse Rot               Necr           N/A          8%          2    ###....
 Animate Dead             Necr           N/A          45%         4    #####..
 Apportation              Tloc           #.....       69%         1    #......
 Beastly Appendage        Tmut           #.....       69%         1    #......
 Confusing Touch          Hex            #.....       69%         1    #......
 Magic Dart               Conj           #...         69%         1    #......
 Sandblast                Erth           #.....       69%         1    #......
 Shock                    Conj/Air       #...         69%         1    #......
 Sting                    Conj/Pois      #...         69%         1    #......
 Summon Butterflies       Summ           #.......     69%         1    #......
 Summon Small Mammal      Summ           #...         69%         1    #......
 Blink                    Tloc           N/A          83%         2    ###....
 Call Imp                 Summ           #.......     83%         2    ###....
 Passwall                 Tmut/Erth      #.......     83%         2    ###....
 Poisonous Vapours        Pois/Air       #.....       83%         2    ###....
 Searing Ray              Conj           #.....       83%         2    ###....
 Shroud of Golubria       Chrm/Tloc      #.....       83%         2    ###....
 Slow                     Hex            #.......     83%         2    ###....
 Sticks to Snakes         Tmut           #.......     83%         2    ###....
 Swiftness                Chrm/Air       #.......     83%         2    ###....
 Call Canine Familiar     Summ           #.......     96%         3    ###....
 Conjure Flame            Conj/Fire      #.......     96%         3    ###....
 Dazzling Spray           Conj/Hex       #.....       96%         3    ###....
 Gell's Gravitas          Tloc           #.........   96%         3    ###....
 Ignite Poison            Fire/Tmut/Pois #.......     96%         3    ###....
 Lesser Beckoning         Tloc           #.........   96%         3    ###....
 Mephitic Cloud           Conj/Pois/Air  #.......     96%         3    ###....
 Spider Form              Tmut/Pois      #.........   96%         3    ###....
 Static Discharge         Conj/Air       #.......     96%         3    ###....
 Stone Arrow              Conj/Erth      #.....       96%         3    ###....
 Summon Guardian Golem    Hex/Summ       #.......     96%         3    ###....
 Teleport Other           Tloc           #.......     96%         3    ###....
 Tukima's Dance           Hex            #.......     96%         3    ###....
 Airstrike                Air            #.........   100%        4    #####..
 Force Lance              Conj/Tloc      #.......     100%        4    #####..
 Fulminant Prism          Conj/Hex       #.........   100%        4    #####..
 Ice Form                 Ice/Tmut       #.......     100%        4    #####..
 Iskenderun's Mystic Bla  Conj           #.......     100%        4    #####..
 Leda's Liquefaction      Hex/Erth       #.........   100%        4    #####..
 Olgreb's Toxic Radiance  Pois           #.......     100%        4    #####..
 Petrify                  Tmut/Erth      #.......     100%        4    #####..
 Summon Ice Beast         Ice/Summ       #.......     100%        4    #####..
 Summon Lightning Spire   Summ/Air       #.......     100%        4    #####..
 Alistair's Intoxication  Tmut/Pois      #.......     100%        5    ######.
 Aura of Abjuration       Summ           #.........   100%        5    ######.
 Blade Hands              Tmut           #.........   100%        5    ######.
 Fireball                 Conj/Fire      #.........   100%        5    ######.
 Lee's Rapid Deconstruct  Erth           #.........   100%        5    ######.
 Lightning Bolt           Conj/Air       #.........   100%        5    ######.
 Metabolic Englaciation   Hex/Ice        #.........   100%        5    ######.
 Silence                  Hex/Air        #.........   100%        5    ######.
 Summon Forest            Summ/Tloc      #.........   100%        5    ######.
 Venom Bolt               Conj/Pois      #.........   100%        5    ######.
 Bolt of Cold             Conj/Ice       #.........   100%        6    #######
 Bolt of Fire             Conj/Fire      #.........   100%        6    #######
 Darkness                 Hex            #.........   100%        6    #######
 Freezing Cloud           Conj/Ice/Air   #.........   100%        6    #######
 Hydra Form               Tmut           #.........   100%        6    #######
 Invisibility             Hex            #.......     100%        6    #######
 Ozocubu's Refrigeration  Ice            #.........   100%        6    #######
 Simulacrum               Ice/Necr       ##........   100%        6    #######
 Ring of Flames           Chrm/Fire      #.........   100%        7    #######
 Summon Hydra             Summ           #.........   100%        7    #######
 Discord                  Hex            #.........   100%        8    #######
 Ignition                 Fire           #.........   100%        8    #######
 Regeneration             Chrm/Necr      Unusable     N/A         3    N/A
 Passage of Golubria      Tloc           Unusable     N/A         4    N/A

Dungeon Overview and Level Annotations

Branches:
Dungeon (15/15)            Temple (1/1) D:5            Lair (6/6) D:9
 Shoals (4/4) Lair:2        Snake (4/4) Lair:3        Slime (5/5) Lair:6
    Orc (2/2) D:12            Elf (0/3) Orc:2        Vaults (4/5) D:13
  Crypt (0/3) Vaults:2     Depths (5/5) D:15            Zot (5/5) Depths:5
  Sewer (visited)           IceCv (visited)

Altars:
Ashenzari
Cheibriados
Dithmenos
Elyvilon
Fedhas
Gozag
Hepliaklqana
Kikubaaqudgha
Makhleb
Nemelex Xobeh
Okawaru
Qazlal
Ru
Sif Muna
Trog
Uskayaw
Vehumet
Wu Jian
Xom
Yredelemnul
Zin
The Shining One
Beogh
Jiyva

Shops:
D:5 [   D:10 [   D:11 ?   Orc:2 [!=(*:!!   Vaults:1 [   Depths:1 ?
Depths:2 %(   Depths:3 :*

Portals:
Hell: Depths:1 Depths:2 Depths:3 Depths:4 Depths:5
Abyss: Depths:4
Pandemonium: Depths:1 Depths:3 Depths:4
Ziggurat: Depths:3

Annotations:
D:2 exclusion: downstairs
D:7 4 exclusions
D:13 1 runed translucent door, Dirphi Vium's ghost, journeyman MiBe
D:14 Roxanne
Lair:4 exclusion: oklob plant
Snake:3 1 runed translucent door
Orc:1 exclusion: door
Zot:5 1 exclusion


Innate Abilities, Weirdness & Mutations

You are resistant to damage.
You can heal yourself by infusing magical energy.
You resist negative energy. (rN+)
You passively map a large area around you.
You do not regenerate.
You have sharp toenails.
You can translocate small distances at will.
You are clumsy. (Dex -2)
Your magical capacity is low. (-10% MP)
You are sometimes teleported next to monsters.


Message History

The shadow demon is engulfed in seething chaos.
You slice the shadow demon!!
Lightning courses through the shadow demon!
You kill the shadow demon!
Makhleb accepts your kill.
You feel better.
Evoke which item? (* to show all) (? for menu, Esc to quit)
Aiming: Dig
Press: ? - help, Shift-Dir - straight line A rock wall.
This square is covered in magical glow.
The rock shatters into small pieces.
The now-empty wand crumbles to dust.
There is an escape hatch in the ceiling here.
A mysterious force pulls you upwards. The hatch slams shut behind you.
(D) Dungeon (T) Temple (L) Lair (A) Shoals (P) Snake Pit (M) Slime Pits (O) Orcish Mines (E) Elven Halls (V) Vaults (C) Crypt (U) Depths (H) Hell (Z) Zot
Where to? (Enter - D:1, ? - help)
What level of the Dungeon? (default 1, ? - help)
You see here a +0 club.
There is a stone staircase leading up here.
You climb upwards.
Level annotation: exclusion: downstairs
There is a stone staircase leading down, spattered with blood here.
Things that are here:
a ring mail; a +0 flail An Orb Guardian comes into view.
There is an escape hatch in the ceiling here.
A mysterious force pulls you upwards. The hatch slams shut behind you.
Your extra speed is starting to run out.
You open the door.
There is an open door here.
You feel yourself slow down.
A shadow demon comes into view.
You block the shadow demon's attack.
You slice the shadow demon!!
The shadow demon is heavily wounded.
You slash the shadow demon!
The shadow demon is almost dead.
The shadow demon gestures.
You slice the shadow demon!!
You kill the shadow demon!
Makhleb accepts your kill.
You feel a little less mighty now.
There is an open door here.
There is an open door here.
There is an open door here.
There is a staircase leading out of the dungeon here.
You have escaped!

#...#.###.#####.....#.##.###.#
####.............'...............
...'.....###.###'#.....#.##.###..
####...#.###.# #.#####...........
#........#.# #'# ##...#.####.
#..#.#####.# #.# #...#......
###..........###'## #......#.#.
.##..#.##.#####...#####..#####.#.
.##..#.##.'.'.'.@.'.'.+..#####.#.
.##..#.########...#####..........
.##..#.#########'## #.....####.#.
###..#.........#.# #.##..####...
#..#########.#'# #..#........#
###..........#.#.# ##.#..#######
.....###...#.#.#'# #....# #...
###....'...#.#...# ##...# #.##
..#.####...#.#.########..#####.#


There were no monsters in sight!

Vanquished Creatures
  the Royal Jelly (Slime:5)
  3 orbs of fire (Zot:5)
  3 ancient liches
  Margery (Vaults:4)
  3 Killer Klowns (Zot:5)
  A pandemonium lord (D:4)
  The ghost of Lukheov the Peltast, a veteran DrWn of Okawaru (Vaults:1)
  Saint Roka (Depths:5)
  A caustic shrike (Depths:4)
  11 golden dragons
  Jory (Vaults:3)
  A profane servitor (Abyss:3)
  2 bone dragons (Depths:5)
  7 liches
  A Brimstone Fiend (D:10)
  The ghost of theMacoje the Slayer, an adept OgAM of Hepliaklqana (Vaults:1)
  Jorgrun (Orc:1)
  3 electric golems
  An Ice Fiend (IceCv)
  15 tentacled monstrosities
  24 Orb Guardians (Zot:5)
  3 titans
  5 quicksilver dragons
  13 acid blobs
  2 sphinxes
  5 death cobs
  A tengu reaver (Vaults:3)
  A kraken (Shoals:3)
  5 tentacled starspawn (Abyss:3)
  4 draconian monks
  4 shadow dragons
  Donald (Shoals:1)
  10 storm dragons
  4 azure jellies (Slime:5)
  9 nagarajas
  14 fire giants
  13 vault wardens
  7 draconian knights
  8 frost giants
  2 ghost moths (Zot:2)
  3 iron dragons
  A cacodemon (Depths:1)
  6 draconian shifters
  2 draconian stormcallers (Zot:4)
  4 spriggan defenders
  3 draconian scorchers
  An orc warlord (Orc:1)
  12 ironheart preservers
  4 vampire knights
  5 draconian annihilators
  26 very ugly things
  15 stone giants
  10 green draconians
  13 white draconians
  2 deep elf annihilators
  12 black draconians
  2 spark wasps (Depths:4)
  8 purple draconians
  17 red draconians
  11 yellow draconians
  5 merfolk javelineers
  6 death oozes (Slime:5)
  9 ettins
  An eidolon (Abyss:3)
  Snorg (D:14)
  9 merfolk impalers
  12 fire dragons
  10 great orbs of eyes
  9 yaktaur captains
  Erolcha (Orc:2)
  4 rakshasas
  10 hydras
  17 ice dragons
  13 ogre magi
  10 vault guards
  6 centaur warriors
  6 spriggan air magi
  26 naga warriors
  Harold (Lair:2)
  2 merfolk avatars
  2 merfolk aquamancers
  A catoblepas (Lair:6)
  13 anacondas
  Erica (Lair:2)
  4 death knights
  7 tengu warriors
  2 alligator snapping turtles
  2 satyrs (Shoals:3)
  35 two-headed ogres
  An alligator (shapeshifter) (Vaults:1)
  An alligator (Depths:3)
  3 hell hogs (D:15)
  2 spriggan berserkers
  7 shock serpents
  8 deep troll shamans
  16 naga sharpshooters
  A vampire mage (Depths:3)
  2 thrashing horrors (Abyss:3)
  A shock serpent (shapeshifter) (Depths:2)
  8 deep troll earth magi
  8 hell knights
  A storm dragon zombie (Abyss:3)
  Urug (D:11)
  4 deep elf knights
  3 iron trolls
  A sun demon (Zot:5)
  2 salamander mystics (Snake:4)
  3 wretched stars (Abyss:3)
  A sixfirhy (Depths:1)
  5 shadow wraiths
  2 spatial maelstroms (Abyss:3)
  8 sea snakes
  17 deep trolls
  2 shadow demons
  2 unseen horrors (D:13)
  A storm dragon skeleton (Vaults:2)
  3 swamp dragons (Depths:3)
  7 wizards
  A lindwurm (shapeshifter) (Depths:1)
  3 flayed ghosts
  3 deep elf archers (Vaults:1)
  7 glowing orange brains
  A lindwurm (Lair:6)
  Pikel (D:7)
  7 harpies
  7 naga ritualists
  12 orc knights
  A harpy (shapeshifter) (Depths:4)
  11 ironbrand convokers
  6 wolf spiders
  A wolf spider zombie (D:15)
  5 phantasmal warriors
  5 mana vipers
  2 necromancers
  3 deep elf magi
  44 ugly things
  4 oklob plants (Lair:6)
  11 orc sorcerers
  12 manticores
  3 shining eyes
  A salamander (shapeshifter) (Depths:2)
  11 salamanders
  A stone giant skeleton (Abyss:3)
  10 fauns (Shoals:3)
  10 large abominations (Abyss:3)
  8 cyclopes
  13 moths of wrath
  24 naga magi
  8 vault sentinels
  27 black mambas
  9 merfolk sirens
  9 elephants
  A black mamba (shapeshifter) (Vaults:3)
  An eye of devastation (Slime:5)
  A guardian serpent (shapeshifter) (Depths:1)
  5 smoke demons
  6 water nymphs
  A centaur zombie (D:11)
  3 gargoyles
  6 guardian serpents
  15 spiny frogs
  2 orange demons (Abyss:3)
  A yaktaur zombie (Vaults:2)
  2 efreet
  A komodo dragon (shapeshifter) (Abyss:3)
  2 kobold demonologists
  56 yaktaurs
  A tormentor (D:4)
  A redback zombie (D:14)
  4 anaconda simulacra (IceCv)
  8 freezing wraiths
  A hellwing (Depths:5)
  7 komodo dragons
  A demonic crawler (Abyss:3)
  7 ice devils (IceCv)
  2 golden dragon simulacra (IceCv)
  4 ancient zymes (Abyss:3)
  A harpy zombie (Abyss:3)
  21 merfolk
  7 tengu conjurers
  2 polar bears
  8 trolls
  64 slime creatures
  6 hornets
  5 wind drakes
  21 blink frogs
  3 raiju (Abyss:3)
  5 tyrant leeches (Lair:6)
  10 dream sheep
  A blink frog (shapeshifter) (Vaults:2)
  A meliai zombie (D:14)
  12 hippogriffs
  A stone giant simulacrum (Vaults:3)
  8 starcursed masses (Abyss:3)
  8 snapping turtles
  29 yaks
  A spriggan (Depths:3)
  A flying skull (Abyss:3)
  2 vampires
  4 dire elephant simulacra (IceCv)
  4 spriggans (shapeshifter)
  A shadow (D:11)
  A wyvern (Lair:6)
  2 basilisks (Lair:5)
  A ynoxinul (Abyss:3)
  4 wraiths
  6 fire bats (Abyss:3)
  9 water elementals
  A human (shapeshifter) (Vaults:4)
  11 vampire mosquitoes
  4 neqoxecs (Abyss:3)
  2 death yak simulacra (IceCv)
  7 chaos spawn
  2 hungry ghosts
  6 wargs
  5 swamp worms (Depths:3)
  5 insubstantial wisps (Abyss:3)
  3 spatial vortices (Abyss:3)
  3 harpy simulacra (IceCv)
  A swamp worm (shapeshifter) (Vaults:1)
  41 nagas
  2 iron troll simulacra (IceCv)
  2 soldier ants (D:11)
  3 small abominations (Abyss:3)
  3 hydra simulacra (IceCv)
  17 water moccasins
  Duvessa (D:6)
  3 acid dragons
  13 porcupines
  2 floating eyes
  41 orc warriors
  A hornet zombie (D:9)
  2 eyes of draining
  3 ice beasts
  Purgy (Sewer)
  2 black bears
  4 sky beasts
  3 phantoms
  An ogre (shapeshifter) (Vaults:1)
  An ettin simulacrum (IceCv)
  37 ogres
  An eye of draining (shapeshifter) (Depths:1)
  16 boggarts
  10 wolves
  21 centaurs
  16 crocodiles
  3 big kobolds
  A gnoll sergeant (D:10)
  30 bullfrogs
  4 ogre simulacra
  A wyvern zombie (D:10)
  Dowan (D:6)
  2 scorpions
  17 killer bees
  An orc simulacrum (Vaults:2)
  9 wights
  5 electric eels (D:7)
  6 howler monkeys
  A bullfrog zombie (D:12)
  7 crimson imps
  A draconian simulacrum (IceCv)
  10 hounds
  A quasit (Abyss:3)
  2 human simulacra (Vaults:2)
  5 jellies
  20 orc priests
  A bullfrog skeleton (D:10)
  An iron imp (Depths:1)
  44 orc wizards
  5 centaur skeletons
  2 iguanas
  9 worker ants
  3 spriggan simulacra (IceCv)
  4 troll simulacra (IceCv)
  A wolf simulacrum (IceCv)
  2 centaur simulacra (IceCv)
  A worker ant zombie (D:11)
  A howler monkey skeleton (D:6)
  7 gnolls
  21 adders
  A shadow imp (D:7)
  7 white imps
  9 ufetubi
  An ooze (D:2)
  3 adder skeletons
  6 worms
  A dart slug (D:5)
  4 leopard geckos
  118 orcs
  2 ball pythons (Sewer)
  4 giant cockroaches
  4 goblins
  9 hobgoblins
  4 jackals (D:11)
  3 quokkas
  9 bats
  7 frilled lizards
  24 kobolds
  A leopard gecko skeleton (D:5)
  A quokka skeleton (D:5)
  8 rats
  4 fungi
  15 plants
  8 starspawn tentacles (Abyss:3)
  2 tentacles (Shoals:3)
2147 creatures vanquished.

Vanquished Creatures (collateral kills)
  A Killer Klown (Zot:5)
  A frost giant (shapeshifter) (D:15)
  Nessos (Lair:5)
  A hydra (Lair:4)
  2 catoblepae
  A slime creature (Slime:1)
  A merfolk siren (Lair:2)
  3 shining eyes (Slime:2)
  2 spiny frogs (Lair:6)
  A water nymph (Shoals:4)
  A komodo dragon (Lair:4)
  2 merfolk
  A dream sheep (Shoals:3)
  A ynoxinul (Zot:5)
  A naga (Snake:4)
  A porcupine (Lair:4)
  A black bear (D:9)
  A boggart (D:15)
  2 bullfrogs
  A centaur zombie (D:6)
  An orc (D:9)
  A frilled lizard (Sewer)
  A fungus (D:9)
29 creatures vanquished.

Vanquished Creatures (others)
  A fire giant (Depths:3)
  A centaur warrior (Depths:1)
  A sea snake (Shoals:3)
  An unseen horror (shapeshifter) (Depths:2)
  A cyclops (Shoals:2)
  A faun (Shoals:3)
  2 ugly things
  A yaktaur (Depths:2)
  5 dream sheep (Lair:3)
  A fire bat (Abyss:3)
  An orc (Orc:2)
  6 fungi
  29 plants
  2 starspawn tentacles (Abyss:3)
  18 tentacles (Shoals:3)
  3 withered plants (Vaults:1)
74 creatures vanquished.

Grand Total: 2250 creatures vanquished

Notes
Turn   | Place    | Note
-------+----------+-------------------------------------------
     0 | D:1      | MeekVeins the Deep Dwarf Necromancer began the quest for
                  | the Orb.
     0 | D:1      | Reached XP level 1. HP: 15/15 MP: 3/3
   297 | D:1      | Reached XP level 2. HP: 22/22 MP: 1/5
   300 | D:1      | Learned a level 1 spell: Animate Skeleton
   855 | D:1      | Reached skill level 5 in Necromancy
  1144 | D:2      | Reached XP level 3. HP: 14/28 MP: 2/6
  1149 | D:2      | Learned a level 3 spell: Vampiric Draining
  1705 | D:2      | Found a white marble altar of Elyvilon.
  1732 | D:2      | Reached XP level 4. HP: 18/36 MP: 3/7
  2121 | D:3      | Noticed a bullfrog
  2213 | D:3      | Reached skill level 1 in Fighting
  2525 | D:2      | Reached skill level 1 in Axes
  2583 | D:3      | Reached XP level 5. HP: 31/44 MP: 0/8
  2886 | D:3      | Found a radiant altar of Vehumet.
  3349 | D:4      | Reached XP level 6. HP: 28/51 MP: 2/9
  3364 | D:4      | Got a pair of dazzling boots
  3370 | D:4      | Identified the +3 pair of boots "Ithieha" {+Inv MR- rCorr
                  | Dex+2} (You found it on level 4 of the Dungeon)
  3644 | D:4      | You fall into a shaft and drop 3 floors!
  3758 | D:7      | Reached skill level 5 in Axes
  4528 | D:6      | Found Ibych's Assorted Antiques.
  4669 | D:6      | Reached XP level 7. HP: 58/58 MP: 3/10
  4726 | D:6      | Found a hazy altar of Hepliaklqana.
  5082 | D:6      | Reached XP level 8. HP: 73/73 MP: 7/11
  5088 | D:6      | Noticed Dowan
  5094 | D:5      | Entered Level 5 of the Dungeon
  5122 | D:5      | Found Feotanon's Antique Armour Boutique.
  5126 | D:5      | Bought a pair of gloves for 130 gold pieces
  5258 | D:5      | Found a glowing drain.
  5269 | Sewer    | Entered a sewer
  5367 | Sewer    | Noticed Purgy
  5399 | Sewer    | Killed Purgy
  5517 | D:5      | Got a crude dagger
  5950 | D:5      | Found a staircase to the Ecumenical Temple.
  5965 | Temple   | Entered the Ecumenical Temple
  6035 | Temple   | Became a worshipper of Makhleb the Destroyer
  6800 | D:3      | Reached skill level 1 in Shields
  6963 | D:6      | Noticed Duvessa
  6987 | D:6      | Killed Duvessa
  6990 | D:6      | Killed Dowan
  7099 | D:6      | Reached skill level 5 in Fighting
  7137 | D:7      | Noticed Pikel
  7152 | D:7      | Killed Pikel
  7152 | D:7      | Reached skill level 5 in Shields
  7152 | D:7      | Gained mutation: You passively map the area around you.
                  | [Deep Dwarf growth]
  7152 | D:7      | Reached XP level 9. HP: 67/81 MP: 2/13
  7200 | D:7      | Found a snail-covered altar of Cheibriados.
  7759 | D:8      | Found a sparkling altar of Nemelex Xobeh.
  8066 | D:8      | Reached * piety under Makhleb
  8202 | D:9      | Found a basalt altar of Yredelemnul.
  8245 | D:8      | Reached skill level 10 in Axes
  8379 | D:8      | Reached skill level 5 in Evocations
  8379 | D:8      | Reached XP level 10. HP: 82/88 MP: 14/14
  8874 | D:9      | Reached ** piety under Makhleb
  9011 | D:9      | Found a staircase to the Lair.
  9212 | D:10     | Entered Level 10 of the Dungeon
  9291 | D:10     | Reached skill level 1 in Armour
  9436 | D:10     | Reached *** piety under Makhleb
  9610 | D:10     | Found Uluschupna's Armour Emporium.
 10123 | D:11     | Noticed a manticore
 10150 | D:11     | Reached skill level 1 in Invocations
 10179 | D:11     | Reached skill level 5 in Armour
 10212 | D:11     | Reached XP level 11. HP: 97/97 MP: 15/15
 10235 | D:11     | Noticed a two-headed ogre
 10235 | D:11     | Noticed a two-headed ogre
 10394 | D:11     | Noticed a two-headed ogre
 10532 | D:11     | Reached skill level 5 in Invocations
 10594 | D:11     | Found Nag Idas's Magic Scroll Shoppe.
 10610 | D:11     | Killed a two-headed ogre
 10757 | D:10     | Bought a +2 plate armour of fire resistance for 480 gold
                  | pieces
 10835 | Lair:1   | Entered Level 1 of the Lair of Beasts
 11349 | Lair:1   | Reached **** piety under Makhleb
 11926 | Lair:2   | Noticed Erica
 11927 | Lair:2   | Paralysed by Erica for 5 turns
 11939 | Lair:2   | Killed Erica
 12137 | Lair:2   | Noticed Harold
 12226 | Lair:2   | Killed Harold
 12590 | Lair:2   | Found a staircase to the Shoals.
 12622 | Lair:2   | Reached XP level 12. HP: 90/109 MP: 17/17
 12885 | Lair:2   | You fall into a shaft and drop 2 floors!
 12885 | Lair:4   | Noticed a four-headed hydra
 12895 | Lair:4   | Killed a three-headed hydra
 12921 | Lair:4   | Noticed a seven-headed hydra
 12928 | Lair:4   | Killed a five-headed hydra
 13227 | Lair:4   | Reached skill level 10 in Invocations
 13597 | Lair:3   | Found a staircase to the Snake Pit.
 14215 | Lair:3   | Found a shimmering altar of Xom.
 14977 | Snake:1  | Entered Level 1 of the Snake Pit
 14977 | Snake:1  | Noticed a naga warrior
 15134 | Lair:5   | You fall into a shaft and drop 1 floor!
 15134 | Lair:6   | Entered Level 6 of the Lair of Beasts
 15297 | Lair:6   | Noticed an eight-headed hydra
 15327 | Lair:6   | Killed a one-headed hydra
 15337 | Lair:6   | Reached XP level 13. HP: 70/121 MP: 20/20
 15416 | Lair:6   | Reached ***** piety under Makhleb
 15570 | Lair:6   | Reached skill level 10 in Armour
 15751 | Lair:6   | Reached skill level 10 in Fighting
 15784 | Lair:6   | Found the +3 giant club "Skullcrusher" {speed, Str+7}
 15923 | Lair:6   | Found a staircase to the Slime Pits.
 16306 | Lair:5   | Noticed Nessos
 16321 | Lair:5   | Killed Nessos
 16797 | D:11     | Bought a scroll of identify for 28 gold pieces
 16797 | D:11     | Bought a scroll of magic mapping for 49 gold pieces
 16797 | D:11     | Bought a scroll of fog for 28 gold pieces
 16797 | D:11     | Bought a scroll of identify for 28 gold pieces
 16797 | D:11     | Bought a scroll of identify for 28 gold pieces
 16797 | D:11     | Bought a scroll of noise for 14 gold pieces
 16806 | D:11     | Bought a scroll of enchant weapon for 105 gold pieces
 17841 | Lair:6   | Reached skill level 10 in Evocations
 19122 | D:11     | Gained mutation: You resist negative energy. (rN+) [Deep
                  | Dwarf growth]
 19122 | D:11     | Reached XP level 14. HP: 132/132 MP: 22/22
 19180 | D:11     | Noticed Urug
 19193 | D:11     | Killed Urug
 19342 | D:12     | Reached ****** piety under Makhleb
 19462 | D:12     | Found a shimmering blue altar of Sif Muna.
 19588 | D:12     | Reached skill level 15 in Axes
 19590 | D:12     | Found a staircase to the Orcish Mines.
 20284 | D:13     | Found a runed translucent door.
 20284 | D:13     | Found a shimmering altar of Xom.
 20284 | D:13     | Noticed Dirphi Vium's ghost (journeyman MiBe)
 20608 | D:13     | Found a gate to the Vaults.
 21090 | D:14     | Noticed Roxanne
 21261 | D:14     | Noticed Snorg
 21271 | D:14     | Killed Snorg
 22330 | D:15     | Entered Level 15 of the Dungeon
 22624 | D:15     | Reached XP level 15. HP: 138/138 MP: 24/24
 22647 | D:15     | Found a staircase to the Depths.
 22660 | D:15     | Noticed a quicksilver dragon
 22660 | D:15     | a six-headed hydra changed into a quicksilver dragon
 22665 | D:15     | Noticed a frost giant
 22665 | D:15     | a quicksilver dragon changed into a frost giant
 22668 | D:15     | Killed a frost giant
 22951 | D:15     | Reached skill level 15 in Evocations
 23311 | Orc:1    | Entered Level 1 of the Orcish Mines
 23387 | Orc:1    | Found a shimmering blue altar of Sif Muna.
 23412 | Orc:1    | Noticed an orc warlord
 23433 | Orc:1    | Killed an orc warlord
 23789 | Orc:1    | Noticed Jorgrun
 23804 | Orc:1    | Killed Jorgrun
 23898 | Orc:2    | Entered Level 2 of the Orcish Mines
 24304 | Orc:2    | Found Saelu's Armour Emporium.
 24349 | Orc:2    | Found Hethoad's Distillery.
 24362 | Orc:2    | Bought 2 potions of degeneration for 34 gold pieces
 24362 | Orc:2    | Bought a potion of heal wounds for 85 gold pieces
 24363 | Orc:2    | Found Garhannonn's Jewellery Shop.
 24402 | Orc:2    | Bought an uncursed ring of protection from magic for 350
                  | gold pieces
 24464 | Orc:2    | Found a staircase to the Elven Halls.
 24632 | Orc:2    | Found an ancient bone altar of Kikubaaqudgha.
 24670 | Orc:2    | Noticed Erolcha
 24676 | Orc:2    | Killed Erolcha
 24680 | Orc:2    | Found a radiant altar of Vehumet.
 24726 | Orc:2    | Found a roughly hewn altar of Beogh.
 24726 | Orc:2    | Found Esoem's Antique Weapon Shop.
 24752 | Orc:2    | Found Acaxt's Book Shop.
 24763 | Orc:2    | Found Byofener's Distillery.
 24803 | Orc:2    | Found Caatiqom's Distillery.
 24811 | Orc:2    | Bought a potion of resistance for 160 gold pieces
 24863 | Orc:2    | Found Xaejy's General Store.
 25184 | Orc:2    | Bought a +2 helmet of see invisible for 301 gold pieces
 26125 | Snake:2  | Reached skill level 10 in Shields
 26125 | Snake:2  | Reached XP level 16. HP: 146/146 MP: 24/24
 26902 | Snake:3  | Found a runed translucent door.
 27013 | Snake:4  | Entered Level 4 of the Snake Pit
 27290 | Snake:4  | Reached skill level 15 in Shields
 27417 | Snake:4  | Reached XP level 17. HP: 118/153 MP: 25/25
 27594 | Snake:4  | Got a serpentine rune of Zot
 28298 | Vaults:1 | Entered Level 1 of the Vaults
 28488 | Vaults:1 | Found a runed translucent gate.
 28488 | Vaults:1 | Found a runed translucent gate.
 28488 | Vaults:1 | Found a runed translucent gate.
 28899 | Vaults:1 | Found Vepneb's Antique Armour Shoppe.
 29029 | Vaults:1 | Reached skill level 15 in Armour
 29248 | Vaults:1 | Gained mutation: You passively map a large area around you.
                  | [Deep Dwarf growth]
 29248 | Vaults:1 | Reached XP level 18. HP: 161/165 MP: 26/26
 29626 | Vaults:1 | Noticed theMacoje's ghost (adept OgAM)
 29626 | Vaults:1 | Noticed Lukheov's ghost (veteran DrWn)
 29781 | Vaults:2 | Paralysed by a hornet for 2 turns
 29881 | Vaults:2 | Identified the +9 plate armour of Buteprah {rN+ MR++ Regen+
                  | Dex-4} (You found it on level 2 of the Vaults)
 30495 | Vaults:2 | Found a staircase to the Crypt.
 31498 | Vaults:3 | Noticed Margery
 31793 | Vaults:4 | Reached skill level 15 in Fighting
 31994 | Vaults:4 | Reached XP level 19. HP: 186/186 MP: 27/27
 32528 | Vaults:4 | Reached skill level 5 in Dodging
 32942 | Vaults:3 | Noticed Jory
 32962 | Vaults:3 | Killed Jory
 32977 | Vaults:4 | Killed Margery
 33925 | Shoals:1 | Entered Level 1 of the Shoals
 34125 | Shoals:1 | Noticed Donald
 34141 | Shoals:1 | Killed Donald
 34141 | Shoals:1 | Reached skill level 15 in Invocations
 34481 | Shoals:2 | Found a frozen archway.
 34498 | IceCv    | Entered an ice cave
 34921 | IceCv    | Reached XP level 20. HP: 196/196 MP: 28/28
 35223 | IceCv    | Got a distressingly furry hat
 35235 | IceCv    | Identified the +0 hat "Vusyvura" {SInv Stlth+} (You found
                  | it in an ice cave)
 35252 | IceCv    | Identified a +2 pair of boots of running (You found it in
                  | an ice cave)
 35524 | Shoals:2 | Identified a scroll of acquirement
 35857 | Shoals:3 | Found a flickering gateway to a bazaar.
 35887 | Bazaar   | Entered a bazaar
 35890 | Bazaar   | Found Jalownaw's Jewellery Boutique.
 35894 | Bazaar   | Found Ciasylock's Magic Scroll Boutique.
 35894 | Bazaar   | Found Zirotell's Armour Boutique.
 35895 | Bazaar   | Found Ovaecerph's Antique Weapon Boutique.
 35939 | Bazaar   | Bought the ring of Pyah {-Tele rC+ Str+6 Dex+2 Slay+3} for
                  | 446 gold pieces
 35939 | Bazaar   | Bought the amulet of the Several Cities {rElec rPois Regen+
                  | Str+10 Int-2} for 520 gold pieces
 35955 | Bazaar   | Bought a scroll of enchant weapon for 67 gold pieces
 35955 | Bazaar   | Bought a scroll of fog for 18 gold pieces
 36552 | Shoals:4 | Entered Level 4 of the Shoals
 37079 | Shoals:4 | Got a barnacled rune of Zot
 37341 | Shoals:4 | Identified the Volume of Execration and the Escort
 37730 | Depths:1 | Entered Level 1 of the Depths
 37813 | Depths:1 | Found Fiziv's Magic Scroll Shop.
 37824 | Depths:1 | Bought a scroll of enchant weapon for 97 gold pieces
 37877 | Depths:1 | Found a gateway to Hell.
 37973 | Depths:1 | Found a one-way gate leading to the halls of Pandemonium.
 38162 | Depths:1 | Reached skill level 10 in Dodging
 38523 | Depths:1 | Reached XP level 21. HP: 187/207 MP: 30/30
 38886 | Depths:2 | Found Faabaq's Food Shop.
 38890 | Depths:2 | Found Akkaih's Weapon Boutique.
 39568 | Depths:3 | Found a gateway to a ziggurat.
 39575 | Depths:3 | Found Postegar's Book Shoppe.
 40226 | Depths:3 | Found Bumuv's Assorted Antiques.
 40231 | Depths:3 | Bought an embroidered scarf for 248 gold pieces
 40591 | Depths:4 | Found a one-way gate to the infinite horrors of the Abyss.
 40603 | Depths:4 | Reached XP level 22. HP: 223/223 MP: 31/31
 40664 | Depths:4 | Noticed a golden dragon
 40665 | Depths:4 | Noticed a golden dragon
 40676 | Depths:4 | Killed a golden dragon
 40686 | Depths:4 | Killed a golden dragon
 40830 | Depths:4 | Noticed a golden dragon
 40844 | Depths:4 | Killed a golden dragon
 40930 | Depths:4 | Found a sparkling altar of Nemelex Xobeh.
 40991 | Depths:4 | Noticed a caustic shrike
 41016 | Depths:4 | Killed a caustic shrike
 41561 | Depths:5 | Entered Level 5 of the Depths
 41619 | Depths:5 | Noticed Saint Roka
 41638 | Depths:5 | Killed Saint Roka
 41797 | Depths:5 | Found a gate to the Realm of Zot.
 42640 | Slime:1  | Entered Level 1 of the Pits of Slime
 42709 | Slime:2  | Gained mutation: Your magical capacity is low. (-10% MP) [a
                  | shining eye]
 42738 | Slime:3  | Reached XP level 23. HP: 235/235 MP: 28/28
 42751 | Slime:3  | Gained mutation: Your body sometimes deteriorates upon
                  | taking damage. [a shining eye]
 42811 | Slime:4  | Gained mutation: You tend to lose your temper in combat. [a
                  | shining eye]
 42812 | Slime:4  | Gained mutation: You are clumsy. (Dex -2) [a shining eye]
 42814 | Slime:4  | Gained mutation: Armour fits poorly on your strangely
                  | shaped body. [a shining eye]
 42815 | Slime:4  | Gained mutation: Your movements are slightly less
                  | encumbered by armour. (ER -2) [a shining eye]
 42818 | Slime:4  | Lost mutation: Your body sometimes deteriorates upon taking
                  | damage. [potion of mutation]
 42818 | Slime:4  | Lost mutation: Your magical capacity is low. (-10% MP)
                  | [potion of mutation]
 42818 | Slime:4  | Lost mutation: Armour fits poorly on your strangely shaped
                  | body. [potion of mutation]
 42818 | Slime:4  | Gained mutation: You are occasionally teleported next to
                  | monsters. [potion of mutation]
 42818 | Slime:4  | Gained mutation: You have a pair of small horns on your
                  | head. [potion of mutation]
 42819 | Slime:4  | Lost mutation: You are clumsy. (Dex -2) [potion of
                  | mutation]
 42819 | Slime:4  | Lost mutation: You tend to lose your temper in combat.
                  | [potion of mutation]
 42819 | Slime:4  | Gained mutation: You possess an exceptional clarity of
                  | mind. [potion of mutation]
 42820 | Slime:4  | Lost mutation: Your movements are slightly less encumbered
                  | by armour. (ER -2) [potion of mutation]
 42820 | Slime:4  | Lost mutation: You possess an exceptional clarity of mind.
                  | [potion of mutation]
 42820 | Slime:4  | Lost mutation: You have a pair of small horns on your head.
                  | [potion of mutation]
 42820 | Slime:4  | Gained mutation: You are robust. (+10% HP) [potion of
                  | mutation]
 42820 | Slime:4  | Gained mutation: You have sharp toenails. [potion of
                  | mutation]
 42958 | Slime:5  | Entered Level 5 of the Pits of Slime
 43027 | Slime:5  | Found a viscous altar of Jiyva.
 43027 | Slime:5  | Noticed the Royal Jelly
 43028 | Slime:5  | Found the +8 arc blade {discharge, rElec}
 43050 | Slime:5  | Killed the Royal Jelly
 43072 | Slime:5  | Lost mutation: You are robust. (+10% HP) [a shining eye]
 43141 | Slime:5  | Got a slimy rune of Zot
 43783 | Vaults:1 | Killed Lukheov's ghost
 43793 | Vaults:1 | Killed theMacoje's ghost
 44113 | Zot:1    | Entered Level 1 of the Realm of Zot
 44293 | Zot:3    | Noticed an ancient lich
 44372 | Zot:2    | Killed an ancient lich
 44407 | Zot:2    | Reached XP level 24. HP: 244/244 MP: 1/32
 44765 | Zot:4    | Cast into level 3 of the Abyss (red draconian knight)
 44786 | Abyss:3  | Found a sacrificial altar of Ru.
 44821 | Abyss:3  | Gained mutation: You can translocate small distances at
                  | will. [a neqoxec]
 45148 | Zot:4    | Escaped the Abyss
 45326 | Zot:4    | Reached XP level 25. HP: 260/260 MP: 32/32
 45340 | Zot:5    | Entered Level 5 of the Realm of Zot
 45831 | Zot:5    | Noticed an ancient lich
 45846 | Zot:5    | Noticed a Killer Klown
 45855 | Zot:5    | Killed a Killer Klown
 45856 | Zot:5    | Killed an ancient lich
 45866 | Zot:5    | Noticed a Killer Klown
 45884 | Zot:5    | Noticed a Killer Klown
 45891 | Zot:5    | Noticed an orb of fire
 45907 | Zot:5    | Killed an orb of fire
 45916 | Zot:5    | Killed a Killer Klown
 45917 | Zot:5    | Cast into level 3 of the Abyss (Killer Klown)
 46408 | Abyss:3  | Gained mutation: You are sometimes teleported next to
                  | monsters. [a neqoxec]
 46410 | Abyss:3  | Gained mutation: You are clumsy. (Dex -2) [a neqoxec]
 46486 | Abyss:3  | Noticed an ancient lich
 46490 | Abyss:3  | Killed an ancient lich
 46521 | Abyss:3  | Got an abyssal rune of Zot
 46530 | Zot:5    | Escaped the Abyss
 46539 | Zot:5    | Noticed an orb of fire
 46558 | Zot:5    | Killed an orb of fire
 46565 | Zot:5    | Killed a Killer Klown
 46565 | Zot:5    | Reached XP level 26. HP: 277/277 MP: 32/32
 46579 | Zot:5    | Noticed an orb of fire
 46591 | Zot:5    | Gained mutation: Your magical capacity is low. (-10% MP)
                  | [an orb of fire]
 46602 | Zot:5    | Killed an orb of fire
 46668 | Zot:5    | Got the Orb of Zot
 46773 | Zot:5    | Noticed Achunk the pandemonium lord
 47268 | D:4      | Noticed Numau the pandemonium lord
 47276 | D:4      | Killed Numau the pandemonium lord
 47358 | D:$      | Escaped with the Orb!

Levels and vault maps discovered:
D:1:      minmay_arrival_doors, layout_basic
D:2:      layout_basic, lemuel_crystal_altar, kennysheep_boxes
D:3:      minmay_octagon_keep, layout_basic, fiery_altar_vehumet, first_ration
D:4:      layout_basic, minmay_starry_boxes
D:5:      kennysheep_big_flooded_room, layout_loops_ring,
          minmay_temple_entry_hall, serial_shops, shop, portal_sewer_entry_d,
          serial_bayou_ford_a, hangedman_decor_growths
D:6:      layout_loops_cross, lemuel_crystal_altar, serial_shops,
          kennysheep_little_box, nicolae_lava_and_water, uniq_duvessa
D:7:      layout_rooms, cheibrodos_worm_habitat, serial_bayou,
          serial_bayou_lake_a, serial_bayou_lagoon_b, serial_bayou_pond_d,
          serial_bayou_crossing, uniq_pikel
D:8:      layout_loops_ring, lemuel_doored_altar
D:9:      layout_rooms, yredelemnul_altar_generic,
          grunt_lair_entry_orc_guard_hut
D:10:     layout_basic, serial_shops, shop
D:11:     layout_basic, serial_shops, shop, hangedman_pestilent_swarm, uniq_urug
D:12:     layout_roguey, hiddenorc2_lemuel, basic_altar
D:13:     minmay_blocky_corners, layout_basic, david_vaults_5, ebering_ghost_xom
D:14:     layout_layer_cave, uniq_roxanne, uniq_snorg
D:15:     gammafunk_enter_depths_forms, layout_basic
Temple:   nicolae_temple_elliptical
Lair:1:   layout_gridlike
Lair:2:   layout_roguey, elwin_shoals_entry_stream, serial_forest,
          infiniplex_forest_zigzag_1, infiniplex_forest_clump_C,
          infiniplex_forest_straight_4, infiniplex_forest_clump_double,
          uniq_erica, uniq_harold
Lair:3:   layout_hall_layers, minmay_snake_entry_six_corridors,
          kb_xom_exploding_sheep
Lair:4:   layout_misc_corridors
Lair:5:   layout_hall_layers, grunt_megastairs_1, serial_bayou_shore_b,
          uniq_nessos
Lair:6:   minmay_lair_end_frog_pond, layout_regular_city, slime_dummy,
          nicolae_lair_grove_arrangements, serial_bayou_shore_b,
          minmay_lair_oklob_chamber
Shoals:1: layout_shoals, uniq_donald
Shoals:2: layout_shoals, portal_ice_cave_entry_dragon
Shoals:3: layout_shoals, serial_shops, freezing_bzr
Shoals:4: shoals_end_grunt_ice, layout_shoals
Snake:1:  layout_rooms, nrook_guardian_serpent_double
Snake:2:  layout_rooms
Snake:3:  layout_misc_corridors, lightli_airlock
Snake:4:  snake_pit, layout_onion_interference
Slime:1:  layout_caves
Slime:2:  layout_caves
Slime:3:  layout_caves
Slime:4:  layout_caves
Slime:5
Orc:1:    layout_diamond_mine, led_sif_book, uniq_jorgrun
Orc:2:    kennysheep_orc_mage_school, layout_diamond_mine, serial_shops, shop,
          shop, shop, nicolae_shop_crystal
Vaults:1: gammafunk_vaults_ghost_cemetery, vaults_mumra_minichess_inversion,
          v_misc_1, nicolae_vaults_ring_of_whatevers, vaults_room_fours,
          v_alt_pattern_5, vaults_mumra_chevron,
          nicolae_vaults_yaktaur_gun_rack, grunt_vaults_focal,
          layout_vaults_omnigrid, serial_shops, nicolae_shop_overgrown_old_shop
Vaults:2: v_misc_23, vaults_room_fancy_cross, vaults_room_fancy_cross,
          nicolae_vaults_puzzle_piece, v_alt_pattern_2, ontoclasm_vaults_fault,
          nicolae_vaults_lopsided_apartments, hangedman_vaults_maws,
          vaults_mumra_minichess, ontoclasm_vaults_shuriken,
          ontoclasm_vaults_idyll, v_misc_2, blue_anna_dwarven_crypt,
          v_alt_pattern_6, vaults_room_pool, ontoclasm_vaults_loading_screen,
          layout_vaults_big_cross
Vaults:3: nicolae_vaults_angled_halls, vaults_mumra_chevron_long, v_misc_19,
          nicolae_vaults_murderbox, nicolae_vaults_mini_display_case,
          vaults_mumra_lcd, nicolae_vaults_network_star,
          hangedman_vaults_corner_blocks, v_pattern_5,
          ontoclasm_vaults_ring_square, ontoclasm_vaults_ligature,
          vaults_room_corners, layout_vaults_ring, uniq_jory, uniq_margery
Vaults:4: nicolae_vaults_circle_grid_a, v_misc_15, hangedman_vaults_capsules,
          nicolae_vaults_puzzle_piece, nicolae_vaults_ninety_degrees,
          grunt_vaults_swirl, v_misc_4, hangedman_vaults_stagger, v_misc_17,
          nicolae_vaults_circle_grid_b, vaults_room_grid, st_lattice,
          layout_vaults_maze
Depths:1: layout_basic, nicolae_wwwww, serial_shops, shop, hell_entry,
          rand_demon_pan_entry_5, chequers_hall_statues_wall_a,
          chequers_serial_rivers_small_b, minmay_three_doors,
          serial_bayou_shore_a
Depths:2: minmay_glassy_protrusions, layout_cave_shapes,
          hangedman_abyss_or_decor_stagger, hell_entry, serial_bayou_shore_b,
          minmay_shoptagon, serial_bayou_shore_b
Depths:3: onia_ninara_swampy_vault, layout_gridlike, enter_ziggurat_a,
          grunt_pan_entry_spiral, pf_hell_entry_tar_spiral, solitary_fountain,
          serial_shops, nicolae_shop_behind_doors, shop
Depths:4: minmay_the_grid_4x2 [minmay_the_grid_airy, minmay_the_grid_small_cups,
          minmay_the_grid_medium_cups, minmay_the_grid_minigrid_large,
          minmay_the_grid_outer_circle, minmay_the_grid_eight,
          minmay_the_grid_slots, minmay_the_grid_prize_big_room],
          layout_cave_pools, pan_entry, abyss_entry, hell_entry,
          nemelex_xobeh_ov_fountains_minmay
Depths:5: grunt_x_marks_the_spot, layout_cave_pools, hellmouth_1,
          uniq_saint_roka
Zot:1:    layout_basic
Zot:2:    layout_misc_corridors
Zot:3:    hangedman_zot_vaults_quadrants, layout_onion
Zot:4:    layout_basic, grunt_megastairs_2
Zot:5:    layout_basic

Skill      XL: |  1  2  3  4  5  6  7  8  9 10 11 12 13 14 15 16 17 18 19 20 21 22 23 24 25 26 |
---------------+-------------------------------------------------------------------------------+-----
Spellcasting   | 2 3 |  3.0
Necromancy     | 5 6 7 |  7.2
Fighting       | 1 4 5 6 7 9 10 11 15 16 18 20 22 23 24 | 24.7
Axes           | 2 4 6 8 10 12 14 16 18 | 18.0
Stealth        | 3 |  3.1
Shields        | 5 10 15 | 15.0
Evocations     | 5 6 7 10 14 15 16 | 16.0
Armour         | 5 9 10 11 15 16 17 18 22 23 24 | 24.0
Invocations    | 3 7 10 12 15 18 | 18.0
Dodging        | 8 10 11 12 | 12.0

Action                   |  1- 3 |  4- 6 |  7- 9 | 10-12 | 13-15 | 16-18 | 19-21 | 22-24 | 25-27 || total
-------------------------+-------+-------+-------+-------+-------+-------+-------+-------+-------++-------
Melee: Dagger            |    43 |    33 |       |       |       |       |       |       |       ||    76
       Hand axe          |       |    93 |   366 |  1528 |   889 |       |       |       |       ||  2876
       Scimitar          |       |       |       |    17 |       |       |       |       |       ||    17
       Broad axe         |       |       |       |       |   958 |  1181 |  1440 |  1100 |   484 ||  5163
       Unarmed           |       |       |       |       |       |       |       |       |    12 ||    12
 Fire: Hunting sling     |       |    22 |       |       |       |       |       |       |       ||    22
Throw: Dart              |       |       |    33 |    21 |    16 |       |     6 |       |       ||    76
       Throwing net      |       |       |       |       |       |       |       |     3 |       ||     3
 Cast: Pain              |    78 |    23 |    32 |     8 |       |       |       |       |       ||   141
       Animate Skeleton  |     3 |     3 |     2 |     4 |     1 |       |       |       |       ||    13
       Vampiric Draining |     7 |    25 |    20 |    13 |       |       |       |       |       ||    65
Invok: Minor Destruction |       |       |       |    14 |    28 |       |    11 |     6 |       ||    59
       Lesser Servant of |       |       |       |     2 |     2 |     2 |     4 |     9 |       ||    19
       Major Destruction |       |       |       |       |     2 |       |       |     6 |       ||     8
       Greater Servant o |       |       |       |       |       |       |       |       |     2 ||     2
 Abil: Heal Wounds       |       |     5 |       |     1 |     4 |     1 |     2 |     2 |     5 ||    20
Evoke: Wand              |       |       |     9 |    10 |    21 |     7 |    31 |     6 |     2 ||    86
       Lamp of fire      |       |       |       |       |     1 |     3 |       |     1 |       ||     5
       Lightning rod     |       |       |       |       |       |       |     1 |       |       ||     1
  Use: Scroll            |       |     9 |     3 |     5 |    18 |     7 |    11 |    16 |     5 ||    74
       Potion            |       |     1 |       |       |     3 |     1 |     5 |     6 |    14 ||    30
 Stab: Sleeping          |       |       |     3 |     4 |       |       |       |       |       ||     7
       Distracted        |       |       |     1 |     3 |     1 |       |     1 |     1 |       ||     7
       Paralysed         |       |       |       |     9 |    35 |     7 |     4 |    18 |     2 ||    75
       Petrified         |       |       |       |       |     9 |       |       |       |       ||     9
       Held in net/web   |       |       |       |       |       |       |       |     3 |       ||     3
       Petrifying        |       |       |       |       |       |       |       |       |     2 ||     2
  Eat: Chunk             |     3 |     9 |    27 |    35 |    40 |    20 |    20 |     9 |     2 ||   165
       Ration            |       |     2 |       |       |       |       |       |     2 |     3 ||     7
Armor: Robe              |    17 |       |       |       |       |       |       |       |       ||    17
       Ring mail         |       |    57 |   110 |       |       |       |       |       |       ||   167
       Leather armour    |       |       |    89 |   193 |       |       |       |       |       ||   282
       Plate armour      |       |       |       |   601 |  1007 |   488 |   630 |    37 |       ||  2763
       Gold dragon scale |       |       |       |       |       |       |       |   575 |   143 ||   718
       Skin              |       |       |       |       |       |       |       |       |     1 ||     1
Dodge: Dodged            |    25 |    95 |   230 |   365 |   305 |   197 |   408 |   509 |   170 ||  2304
Block: Buckler           |       |       |    39 |    86 |       |       |       |       |       ||   125
       Shield            |       |       |       |   400 |   724 |   570 |   776 |   703 |   208 ||  3381
       Reflection        |       |       |       |       |       |       |    53 |    11 |     6 ||    70

Table legend:
 A = Turns spent in this place as a percentage of turns spent in the entire game.
 B = Non-inter-level travel turns spent in this place as a percentage of non-inter-level travel turns spent in the entire game.
 C = Inter-level travel turns spent in this place as a percentage of turns spent in this place.
 D = Turns resting spent in this place as a percentage of non-inter-level travel turns spent in this place.
 E = Turns spent auto-exploring this place as a percentage of non-inter-level travel turns spent in this place.
 F = Non-inter-level travel turns spent in this place divided by the number of levels of this place that you've seen.
                   A       B       C       D       E      F
               +-------+-------+-------+-------+-------+----------------------
         Total | 100.0 | 100.0 |  12.0 |   6.6 |  54.1 | 744.0
       Dungeon |  36.0 |  34.0 |  16.9 |   7.9 |  57.6 | 945.3
        Temple |   0.2 |   0.2 |  22.6 |   0.0 |  93.1 |  72.0
          Lair |  17.1 |  16.3 |  16.0 |   8.9 |  51.4 | 1132.8
        Shoals |   5.6 |   6.0 |   5.9 |   0.0 |  61.5 | 623.2
     Snake Pit |   5.5 |   5.9 |   4.4 |   1.0 |  53.4 | 619.5
    Slime Pits |   1.6 |   1.6 |   8.8 |  27.0 |   7.9 | 134.0
  Orcish Mines |   4.0 |   4.0 |  12.0 |  13.2 |  62.9 | 842.5
        Vaults |  11.7 |  12.4 |   6.8 |   4.0 |  65.3 | 1294.5
        Depths |  10.2 |  10.4 |  10.2 |   3.3 |  62.8 | 865.2
           Zot |   3.7 |   4.1 |   3.7 |   3.1 |  16.0 | 340.6
         Abyss |   2.1 |   2.4 |   0.0 |   0.0 |   4.5 | 498.0
        Bazaar |   0.2 |   0.2 |   0.0 |   0.0 |  40.5 |  74.0
         Sewer |   0.5 |   0.5 |   0.0 |   0.0 |  53.9 | 219.0
      Ice Cave |   1.7 |   1.9 |   0.0 |  25.9 |  33.8 | 792.0
               +-------+-------+-------+-------+-------+----------------------

Table legend:
 A = Kills in this place as a percentage of kills in entire the game.
 B = Kills by you in this place as a percentage of kills by you in the entire game.
 C = Kills by friends in this place as a percentage of kills by friends in the entire game.
 D = Other kills in this place as a percentage of other kills in the entire game.
 E = Experience gained in this place as a percentage of experience gained in the entire game.
 F = Experience gained in this place divided by the number of levels of this place that you have seen.
                   A       B       C       D       E      F
               +-------+-------+-------+-------+-------+----------------------
         Total | 100.0 | 100.0 | 100.0 | 100.0 | 100.0 | 24695.9
       Dungeon |  22.1 |  22.1 |  25.0 |   0.0 |   5.6 | 5171.1
          Lair |   8.7 |   8.4 |  35.7 |   0.0 |   3.4 | 7858.3
        Shoals |   6.0 |   5.9 |  10.7 |  25.0 |   5.0 | 17219.8
     Snake Pit |   9.0 |   9.1 |   3.6 |   0.0 |   8.6 | 29649.5
    Slime Pits |   2.9 |   2.7 |  14.3 |   0.0 |   4.3 | 11928.4
  Orcish Mines |   4.9 |   5.0 |   0.0 |   0.0 |   1.3 | 9184.5
        Vaults |  14.8 |  15.0 |   0.0 |  12.5 |  15.7 | 54117.5
        Depths |  15.0 |  15.0 |   0.0 |  62.5 |  21.5 | 59440.4
           Zot |   9.1 |   9.1 |   7.1 |   0.0 |  28.7 | 79460.6
         Abyss |   4.4 |   4.5 |   0.0 |   0.0 |   5.1 | 35227.0
         Sewer |   0.4 |   0.4 |   3.6 |   0.0 |   0.0 | 149.0
      Ice Cave |   2.7 |   2.8 |   0.0 |   0.0 |   0.8 | 11187.0
               +-------+-------+-------+-------+-------+----------------------

Levels and vault maps discovered:
D:1:      minmay_arrival_doors, layout_basic
D:2:      layout_basic, lemuel_crystal_altar, kennysheep_boxes
D:3:      minmay_octagon_keep, layout_basic, fiery_altar_vehumet, first_ration
D:4:      layout_basic, minmay_starry_boxes
D:5:      kennysheep_big_flooded_room, layout_loops_ring,
          minmay_temple_entry_hall, serial_shops, shop, portal_sewer_entry_d,
          serial_bayou_ford_a, hangedman_decor_growths
D:6:      layout_loops_cross, lemuel_crystal_altar, serial_shops,
          kennysheep_little_box, nicolae_lava_and_water, uniq_duvessa
D:7:      layout_rooms, cheibrodos_worm_habitat, serial_bayou,
          serial_bayou_lake_a, serial_bayou_lagoon_b, serial_bayou_pond_d,
          serial_bayou_crossing, uniq_pikel
D:8:      layout_loops_ring, lemuel_doored_altar
D:9:      layout_rooms, yredelemnul_altar_generic,
          grunt_lair_entry_orc_guard_hut
D:10:     layout_basic, serial_shops, shop
D:11:     layout_basic, serial_shops, shop, hangedman_pestilent_swarm, uniq_urug
D:12:     layout_roguey, hiddenorc2_lemuel, basic_altar
D:13:     minmay_blocky_corners, layout_basic, david_vaults_5, ebering_ghost_xom
D:14:     layout_layer_cave, uniq_roxanne, uniq_snorg
D:15:     gammafunk_enter_depths_forms, layout_basic
Temple:   nicolae_temple_elliptical
Lair:1:   layout_gridlike
Lair:2:   layout_roguey, elwin_shoals_entry_stream, serial_forest,
          infiniplex_forest_zigzag_1, infiniplex_forest_clump_C,
          infiniplex_forest_straight_4, infiniplex_forest_clump_double,
          uniq_erica, uniq_harold
Lair:3:   layout_hall_layers, minmay_snake_entry_six_corridors,
          kb_xom_exploding_sheep
Lair:4:   layout_misc_corridors
Lair:5:   layout_hall_layers, grunt_megastairs_1, serial_bayou_shore_b,
          uniq_nessos
Lair:6:   minmay_lair_end_frog_pond, layout_regular_city, slime_dummy,
          nicolae_lair_grove_arrangements, serial_bayou_shore_b,
          minmay_lair_oklob_chamber
Shoals:1: layout_shoals, uniq_donald
Shoals:2: layout_shoals, portal_ice_cave_entry_dragon
Shoals:3: layout_shoals, serial_shops, freezing_bzr
Shoals:4: shoals_end_grunt_ice, layout_shoals
Snake:1:  layout_rooms, nrook_guardian_serpent_double
Snake:2:  layout_rooms
Snake:3:  layout_misc_corridors, lightli_airlock
Snake:4:  snake_pit, layout_onion_interference
Slime:1:  layout_caves
Slime:2:  layout_caves
Slime:3:  layout_caves
Slime:4:  layout_caves
Slime:5
Orc:1:    layout_diamond_mine, led_sif_book, uniq_jorgrun
Orc:2:    kennysheep_orc_mage_school, layout_diamond_mine, serial_shops, shop,
          shop, shop, nicolae_shop_crystal
Vaults:1: gammafunk_vaults_ghost_cemetery, vaults_mumra_minichess_inversion,
          v_misc_1, nicolae_vaults_ring_of_whatevers, vaults_room_fours,
          v_alt_pattern_5, vaults_mumra_chevron,
          nicolae_vaults_yaktaur_gun_rack, grunt_vaults_focal,
          layout_vaults_omnigrid, serial_shops, nicolae_shop_overgrown_old_shop
Vaults:2: v_misc_23, vaults_room_fancy_cross, vaults_room_fancy_cross,
          nicolae_vaults_puzzle_piece, v_alt_pattern_2, ontoclasm_vaults_fault,
          nicolae_vaults_lopsided_apartments, hangedman_vaults_maws,
          vaults_mumra_minichess, ontoclasm_vaults_shuriken,
          ontoclasm_vaults_idyll, v_misc_2, blue_anna_dwarven_crypt,
          v_alt_pattern_6, vaults_room_pool, ontoclasm_vaults_loading_screen,
          layout_vaults_big_cross
Vaults:3: nicolae_vaults_angled_halls, vaults_mumra_chevron_long, v_misc_19,
          nicolae_vaults_murderbox, nicolae_vaults_mini_display_case,
          vaults_mumra_lcd, nicolae_vaults_network_star,
          hangedman_vaults_corner_blocks, v_pattern_5,
          ontoclasm_vaults_ring_square, ontoclasm_vaults_ligature,
          vaults_room_corners, layout_vaults_ring, uniq_jory, uniq_margery
Vaults:4: nicolae_vaults_circle_grid_a, v_misc_15, hangedman_vaults_capsules,
          nicolae_vaults_puzzle_piece, nicolae_vaults_ninety_degrees,
          grunt_vaults_swirl, v_misc_4, hangedman_vaults_stagger, v_misc_17,
          nicolae_vaults_circle_grid_b, vaults_room_grid, st_lattice,
          layout_vaults_maze
Depths:1: layout_basic, nicolae_wwwww, serial_shops, shop, hell_entry,
          rand_demon_pan_entry_5, chequers_hall_statues_wall_a,
          chequers_serial_rivers_small_b, minmay_three_doors,
          serial_bayou_shore_a
Depths:2: minmay_glassy_protrusions, layout_cave_shapes,
          hangedman_abyss_or_decor_stagger, hell_entry, serial_bayou_shore_b,
          minmay_shoptagon, serial_bayou_shore_b
Depths:3: onia_ninara_swampy_vault, layout_gridlike, enter_ziggurat_a,
          grunt_pan_entry_spiral, pf_hell_entry_tar_spiral, solitary_fountain,
          serial_shops, nicolae_shop_behind_doors, shop
Depths:4: minmay_the_grid_4x2 [minmay_the_grid_airy, minmay_the_grid_small_cups,
          minmay_the_grid_medium_cups, minmay_the_grid_minigrid_large,
          minmay_the_grid_outer_circle, minmay_the_grid_eight,
          minmay_the_grid_slots, minmay_the_grid_prize_big_room],
          layout_cave_pools, pan_entry, abyss_entry, hell_entry,
          nemelex_xobeh_ov_fountains_minmay
Depths:5: grunt_x_marks_the_spot, layout_cave_pools, hellmouth_1,
          uniq_saint_roka
Zot:1:    layout_basic
Zot:2:    layout_misc_corridors
Zot:3:    hangedman_zot_vaults_quadrants, layout_onion
Zot:4:    layout_basic, grunt_megastairs_2
Zot:5:    layout_basic
